 Dungeon Crawl Stone Soup version 0.20-a0-16-g0876c8e (webtiles) character file.

90 Millan the Ducker (level 4, 0/24 HPs)
             Began as a Spriggan Abyssal Knight on Nov 4, 2016.
             Was a Follower of Lugonu.
             Slain by an adder (5 damage)
             ... on level 2 of the Dungeon.
             The game lasted 00:09:56 (3579 turns).

Millan the Ducker (Spriggan Abyssal Knight)         Turns: 3579, Time: 00:09:56

Health: 0/24       AC:  5    Str:  8    XL:     4   Next: 32%
Magic:  6/6        EV: 17    Int: 13    God:    Lugonu [*.....]
Gold:   118        SH:  0    Dex: 16    Spells: 0 memorised, 3 levels left

rFire  . . .     SeeInvis +     l - +0 dagger
rCold  . . .     Gourm    .     b - +0 robe
rNeg   . . .     Faith    .     (shield restricted)
rPois  .         Spirit   .     (helmet restricted)
rElec  .         Reflect  .     k - +2 cloak
rCorr  .         Harm     .     (gloves unavailable)
MR     .....                    (boots unavailable)
Stlth  +.........               (no amulet)
                                (no ring)
                                h - ring of flight

@: lethally poisoned (0 -> -4), about to teleport, constricted, very quick
A: unfitting armour, see invisible, herbivore 3, speed 3, slow metabolism 2
a: Depart the Abyss, Renounce Religion, Evoke Flight


You were on level 2 of the Dungeon.
You worshipped Lugonu.
Lugonu was aware of your devotion.
You were hungry.

You visited 1 branch of the dungeon, and saw 2 of its levels.
You visited the Abyss 1 time.

You collected 118 gold pieces.

Inventory:

Hand Weapons
 a - a +1 short sword
 l - a +0 dagger (weapon)
Armour
 b - a +0 robe (worn)
 k - a +2 cloak (worn)
Jewellery
 h - a ring of flight (left hand)
Scrolls
 e - 4 scrolls of teleportation
 i - a scroll of immolation {unknown}
 j - a scroll of enchant armour {unknown}
Potions
 f - a potion of lignification {unknown}
 g - a potion of agility {unknown}
 m - a potion of resistance {unknown}
Comestibles
 c - 3 bread rations


   Skills:
 + Level 3.0 Fighting
 + Level 3.9 Short Blades
 + Level 4.4 Dodging
 + Level 1.9 Invocations


You had 3 spell levels left.
You didn't know any spells.

Dungeon Overview and Level Annotations

Branches:
Dungeon (2/15)

Altars:


Innate Abilities, Weirdness & Mutations

You are very small and have problems with some larger weapons.
You are too small for most types of armour.
You have supernaturally acute eyesight. (SInv)
You are a herbivore.
You cover ground extremely quickly.
You need consume almost no food.


Message History

The hobgoblin is heavily wounded.
You feel sick.
The hobgoblin hits you but does no damage.
The adder misses you.
The ball python bites you but does no damage.
* * * LOW HITPOINT WARNING * * *
The ball python constricts you. The gnoll hits you.
* * * LOW HITPOINT WARNING * * *
As you read the scroll labeled QAOLLU TAIDE, it crumbles to dust.
You feel blessed for a moment.
It was a scroll of remove curse.
The adder bites you but does no damage.
The ball python bites you but does no damage.
The ball python constricts you. The hobgoblin closely misses you.
The gnoll closely misses you.
As you read the scroll labeled GYCHI KURHUNN, it crumbles to dust.
You feel strangely unstable.
It was a scroll of teleportation.
The adder misses you. The ball python completely misses you.
The ball python constricts you. The hobgoblin barely misses you.
The adder bites you.
You die...

...##.#...#........#
......###.#........#
.#..#......##......#
.#..#...#..........#
.....##.#....%####.#
.........##...# .#
..###.#......#### #
...#..#......lgS##
.......##.#.###g@#
(..##.....#....Sg#
..#############.w.#
...# ##.... ...#
#...$.. ...#
#........ ..##
......#.. .###
#.....# . ....
......#


You could see a worm, 2 gnolls, an adder, a hobgoblin, a ball python and a
frilled lizard.

Vanquished Creatures
  3 adders (D:2)
  An ooze (D:1)
  A worm (D:2)
  A dart slug (D:1)
  A leopard gecko (D:1)
  A ball python (D:1)
  2 giant cockroaches (D:2)
  3 goblins
  6 hobgoblins
  11 jackals (D:1)
  5 bats
  5 frilled lizards
  5 kobolds
  6 rats
51 creatures vanquished.

Notes
Turn   | Place    | Note
-------+----------+-------------------------------------------
     0 | Abyss:1  | Millan the Spriggan Abyssal Knight began the quest for the Orb.
     0 | Abyss:1  | Reached XP level 1. HP: 11/11 MP: 3/3
    46 | Abyss:1  | Noticed a thrashing horror
    48 | D:1      | Escaped the Abyss
   631 | D:1      | Reached XP level 2. HP: 15/16 MP: 4/4
   681 | D:1      | Reached * piety under Lugonu
   681 | D:1      | Reached skill level 4 in Dodging
  1338 | D:1      | Reached XP level 3. HP: 8/19 MP: 5/5
  3124 | D:2      | Reached XP level 4. HP: 18/24 MP: 6/6
  3579 | D:2      | Slain by an adder

Vault maps used:
D:1:      saegor_arrival_simple_b, minivault_19
D:2:      hangedman_decor_points

Skill      XL: |  1  2  3 |
---------------+----------+-----
Dodging        | 4 |  4.4
Short Blades   | 3 |  3.9
Fighting       | 3 |  3.0
Invocations    | |  1.9

Action                   |  1- 3 |  4- 6 || total
-------------------------+-------+-------++-------
Melee: Short sword       |   199 |    11 ||   210
       Dagger            |       |    17 ||    17
Invok: Depart the Abyss  |     1 |       ||     1
  Use: Scroll            |       |     2 ||     2
Armor: Robe              |    20 |    11 ||    31
Dodge: Dodged            |   229 |    46 ||   275
